 Dungeon Crawl Stone Soup version 0.31-a0-632-g766dd24fdf (webtiles) character file.

Game seed: 12081959395121384778

590 Shayle the Ruffian (level 7, -2/63 HPs)
             Began as an Ogre Shapeshifter on Aug 25, 2023.
             Slain by an ice beast (14 damage)
             ... on level 5 of the Dungeon.
             The game lasted 00:08:11 (2976 turns).

Shayle the Ruffian (Ogre Shapeshifter)              Turns: 2976, Time: 00:08:16

Health: -2/63      AC:  3    Str: 20    XL:     7   Next: 39%
Magic:  22/22      EV: 14    Int: 11    God:
Gold:   153        SH:  0    Dex:  9    Spells: 15/15 levels left

rFire   + . .        s - +4 scythe (heavy)
rCold   . . .        (shield currently unavailable)
rNeg    . . .        a - +0 animal skin
rPois   .            (helmet currently unavailable)
rElec   .            (cloak currently unavailable)
rCorr   .            (gloves unavailable)
SInv    .            (boots unavailable)
Will    .....        p - amulet of regeneration
Stlth   +            t - +5 ring of evasion
HPRegen 1.90/turn    j - ring of magical power
MPRegen 0.18/turn

%: no passive effects
@: beast-form
A: beast (slay +1), large, unfitting armour, tough skin 1, fire resistance 1,
regeneration 1
a: Begin Untransformation


You were on level 5 of the Dungeon.
You were a hulking beast.
You visited 1 branch of the dungeon, and saw 5 of its levels.

You collected 153 gold pieces.

Inventory:

Hand Weapons
 s - a +4 heavy scythe (weapon)
Armour
 a - a +0 animal skin (worn)
 f - a +0 kite shield
Jewellery
 j - a ring of magical power (right hand)
 p - an amulet of regeneration (around neck)
 t - a +5 ring of evasion (left hand)
Talismans
 c - a beast talisman (active)
 d - a flux talisman
Scrolls
 e - a scroll of teleportation {unknown}
 n - a scroll of fear {unknown}
 o - a scroll of poison {unknown}
 u - a scroll of brand weapon {unknown}
 v - a scroll of immolation {unknown}
 w - 2 scrolls of blinking
 x - a scroll of enchant weapon {unknown}
 y - a scroll of noise {unknown}
Potions
 b - 2 potions of lignification
 g - a potion of resistance {unknown}
 h - a potion of enlightenment {unknown}
 i - a potion of invisibility {unknown}
 k - a potion of mutation
 l - 2 potions of attraction
 m - 2 potions of curing
 q - a potion of degeneration {unknown}
 r - 2 potions of heal wounds


   Skills:
 - Level 1.7 Fighting
 - Level 1.7 Dodging
 * Level 6.3 Unarmed Combat
 + Level 4.6 Spellcasting
 - Level 3.0 Shapeshifting


You had 15 spell levels left.
You didn't know any spells.
Your spell library contained the following spells:

 Spells                   Type           Power      Damage    Failure   Level
 Magic Dart               Conj           8%         1d3       22%         1
 Summon Small Mammal      Summ           8%         N/A       22%         1
 Call Imp                 Summ           4%         N/A       34%         2
 Call Canine Familiar     Summ           2%         N/A       56%         3
 Mephitic Cloud           Conj/Pois/Air  2%         N/A       56%         3
 Summon Guardian Golem    Hex/Summ       2%         N/A       56%         3


Dungeon Overview and Level Annotations

Branches:
Dungeon (5/15)
 Temple: D:4-7

Altars:
Elyvilon
Nemelex Xobeh
Wu Jian


Innate Abilities, Weirdness & Mutations

You are a hulking beast.
Your limbs bulge with bestial killing power. (Slay +1)
You are too large for most types of armour.
You have tough skin. (AC +1)
Your flesh is heat resistant. (rF+)
Your natural rate of healing is unusually fast.


Message History

The black bear misses you. The black bear closely misses you.
The black bear claws you but does no damage.
You barely miss the black bear.
The black bear is severely wounded.
The black bear closely misses you. The black bear misses you.
The black bear claws you. The black bear closely misses you.
The black bear claws you.
The black bear claws you but does no damage.
Unknown command.
You puncture the black bear!
You kill the black bear!
Unknown command.
You now have 153 gold pieces (gained 4).
Found a stone staircase leading down.
An ice beast comes into view.
Found 7 stones.
Found a sling.
Found 9 gold pieces.
You barely miss the ice beast. The ice beast hits you.
The ice beast freezes you! The ice beast hits you. The ice beast freezes you!
The ice beast hits you. The ice beast freezes you!
You barely miss the ice beast. The ice beast completely misses you.
The ice beast closely misses you.
You hit the ice beast.
The ice beast is lightly wounded.
The ice beast hits you. The ice beast freezes you!
* * * LOW HITPOINT WARNING * * *
The ice beast closely misses you.
You closely miss the ice beast.
The ice beast is lightly wounded.
The gnoll shouts!
You hear a shout!
The ice beast barely misses you. x2
You closely miss the ice beast.
The ice beast is lightly wounded.
The ice beast hits you. The ice beast freezes you!
* * * LOW HITPOINT WARNING * * *
The ice beast closely misses you. The ice beast hits you.
* * * LOW HITPOINT WARNING * * *
The ice beast freezes you!
You die...

....................(..
.............[.........#
.......................#
.......................#
.....................).#
..........g............#
.......................#
......................#
########+#+#.g.h.......
#....Y......
#...........
#...........
######...... ......
...... .....$


You could see an ice beast and 2 gnolls.

Vanquished Creatures
  Sigmund (D:3)
  An ice beast (D:5)
  A black bear (D:5)
  A scorpion (D:4)
  A hound (D:4)
  An orc wizard (D:2)
  A gnoll (D:4)
  5 adders
  2 ufetubi
  A dart slug (D:2)
  4 orcs
  2 ball pythons
  5 bats
  6 endoplasms
  2 giant cockroaches
  5 goblins
  10 hobgoblins
  A quokka (D:1)
  2 frilled lizards (D:2)
  6 kobolds
  6 rats
64 creatures vanquished.

Notes
Turn   | Place    | Note
-------+----------+-------------------------------------------
     0 | D:1      | Shayle the Ogre Shapeshifter began the quest for the Orb.
     0 | D:1      | Reached XP level 1. HP: 19/19 MP: 1/1
    25 | D:1      | Found a faded altar of an unknown god.
   312 | D:1      | Reached XP level 2. HP: 28/28 MP: 1/3
   316 | D:1      | Reached skill level 3 in Unarmed Combat
   354 | D:1      | Reached skill level 1 in Spellcasting
   684 | D:2      | Reached XP level 3. HP: 27/35 MP: 3/5
  1284 | D:2      | Reached skill level 4 in Unarmed Combat
  1284 | D:2      | Reached XP level 4. HP: 33/42 MP: 5/7
  1331 | D:2      | Identified the +2 leather armour of the Trees {rElec
                  | Stlth+}
  1621 | D:3      | Noticed Sigmund
  1647 | D:3      | Killed Sigmund
  1648 | D:3      | Reached skill level 5 in Unarmed Combat
  1648 | D:3      | Reached XP level 5. HP: 9/49 MP: 7/10
  1648 | D:3      | Reached XP level 6. HP: 11/57 MP: 7/11
  2261 | D:4      | Found a sparkling altar of Nemelex Xobeh.
  2343 | D:4      | Found a white marble altar of Elyvilon.
  2356 | D:4      | Found an ornate altar of the Wu Jian Council.
  2727 | D:5      | Entered Level 5 of the Dungeon
  2734 | D:5      | Noticed an ice beast
  2739 | D:5      | Killed an ice beast
  2740 | D:5      | Reached skill level 6 in Unarmed Combat
  2740 | D:5      | Reached XP level 7. HP: 36/63 MP: 13/13
  2744 | D:5      | Gained mutation: Your natural rate of healing is unusually
                  | fast. [potion of mutation]
  2744 | D:5      | Gained mutation: Your flesh is heat resistant. (rF+)
                  | [potion of mutation]
  2976 | D:5      | Slain by an ice beast

Illustrated notes

Levels and vault maps discovered:
D:1:      amcnicky_arrival_flooded_fountain, layout_loops_ring,
          dreamdust_ecumenical_altar_grove, minmay_small_reverse_x
D:2:      layout_loops_ring, minmay_hexomino_f4
D:3:      layout_rooms, tgw_kikubaaqudgha, moated_statue, uniq_ijyb,
          uniq_sigmund
D:4:      layout_gridville, lemuel_round_altar,
          mainiacjoe_overflow_catch_the_wave
D:5:      layout_basic, old_standard_altar, minmay_temple_entry_drinking_statues

Skill      XL: |  1  2  3  4  5  6 |
---------------+-------------------+-----
Unarmed Combat | 3 4 5 6 |  6.3
Spellcasting   | 1 2 3 4 |  4.6
Fighting       | |  1.7
Dodging        | |  1.7
Shapeshifting  | |  3.0

Action                     |  1- 3 |  4- 6 |  7- 9 || total
---------------------------+-------+-------+-------++-------
  Melee: Unarmed           |   104 |    45 |       ||   149
         Punch             |     2 |     1 |       ||     3
         Halberd           |       |    27 |    14 ||    41
    Use: Potion            |       |     1 |     1 ||     2
         Scroll            |       |       |     4 ||     4
   Stab: Sleeping          |     1 |       |       ||     1
 Armour: Animal skin       |    27 |    14 |     4 ||    45
         Skin              |       |     1 |       ||     1
  Dodge: Dodged            |    49 |    41 |    25 ||   115

Table legend: (Time is in decaauts)
 A = Elapsed time spent in this place.
 B = Non-inter-level travel time spent in this place.
 C = Inter-level travel time spent in this place.
 D = Time resting spent in this place.
 E = Time spent auto-exploring this place.
 F = Levels seen in this place.
 G = Mean time per level.
                   A        B        C        D        E       F      G
               +--------+--------+--------+--------+--------+-----+--------+
         Total |   3014 |   2902 |    112 |    309 |   1956 |   5 |  602.8 |
       Dungeon |   3014 |   2902 |    112 |    309 |   1956 |   5 |  602.8 |
               +--------+--------+--------+--------+--------+-----+--------+

Top non-repeatable levels by time:
     D:4: 900 daAuts
     D:2: 878 daAuts
     D:1: 658 daAuts
     D:3: 463 daAuts
     D:5: 113 daAuts
